 Dungeon Crawl Stone Soup version 0.24-a0-235-g3f03afc (webtiles) character file.

Game seed: 18254841276777493725

13964 Gorice the Protected (level 12, -1/91 HPs)
             Began as a Gnoll Wanderer on Apr 6, 2019.
             Was a Priest of the Shining One.
             Slain by a freezing wraith (9 damage)
             ... in an ice cave.
             The game lasted 01:05:05 (16153 turns).

Gorice the Protected (Gnoll Wanderer)              Turns: 16153, Time: 01:05:07

Health: -1/91      AC: 16    Str: 17    XL:     12   Next: 11%
Magic:  21/23      EV:  9    Int: 17    God:    the Shining One [***...]
Gold:   767        SH: 15    Dex: 15    Spells: 25/25 levels left

rFire    . . .     SeeInvis .   a - +4 whip of the Shining Light {flame, +Inv rC+}
rCold    + . .     Gourm    .   m - +0 buckler
rNeg     + . .     Faith    .   R - +1 plate armour
rPois    .         Spirit   .   (no helmet)
rElec    .         Reflect  .   (no cloak)
rCorr    .         Harm     .   t - +0 pair of gloves
MR       .....                  (no boots)
Stlth    ..........             (no amulet)
HPRegen  0.25/turn              s - +3 ring of slaying
MPRegen  0.18/turn              S - +6 ring of slaying

@: divine shield, very slightly contaminated, slowed, glowing, studying
Throwing, very slow
A: distributed training, fangs 1, strong nose
a: Divine Shield, Renounce Religion, Evoke Invisibility


You were in an ice cave.
You worshipped the Shining One.
The Shining One was most pleased with you.
You were hungry.

You visited 3 branches of the dungeon, and saw 14 of its levels.
You also visited: Ice Cave.

You collected 767 gold pieces.

Inventory:

Hand Weapons
 a - the +4 whip of the Shining Light (weapon) {flame, +Inv rC+}
   (You found it on level 7 of the Dungeon)

   It has been specially enchanted to burn those struck by it, causing extra
   injury to most foes and up to half again as much damage against particularly
   susceptible opponents.
   It protects you from cold.
   It lets you turn invisible.
 b - a +0 hand crossbow
 g - a +1 whip of electrocution
   (You found it on level 3 of the Lair of Beasts)
 A - a +2 hand axe of venom
   (You found it on level 3 of the Dungeon)
 B - a +0 blowgun
Missiles
 c - 82 bolts
 k - 10 javelins (quivered)
 n - 10 curare-tipped needles
 x - 5 tomahawks
 T - 2 tomahawks of dispersal
 Z - 3 throwing nets {!f}
Armour
 m - a +0 buckler (worn)
 t - a +0 pair of gloves (worn)
 R - a +1 plate armour (worn)
Jewellery
 s - a +3 ring of slaying (left hand)
 N - an uncursed ring of positive energy
 S - a +6 ring of slaying (right hand)
Wands
 e - a wand of paralysis (4)
 i - a wand of flame (14)
 o - a wand of enslavement (8)
 r - a wand of iceblast (7)
 w - a wand of polymorph (9)
Scrolls
 h - 10 scrolls of teleportation {!r}
 l - 4 scrolls of remove curse
 K - a scroll of blinking
 O - 3 scrolls of identify
Potions
 d - 9 potions of curing
 j - a potion of agility {!q}
 q - 2 potions of flight
 v - a potion of cancellation {!q}
 y - a potion of heal wounds {!q}
 C - 2 potions of might {!q}
 E - 3 potions of magic {!q}
 F - 3 potions of lignification {!q}
 J - 3 potions of haste {!q}
Books
 p - a manual of Throwing {!d}
Comestibles
 f - 17 rations


   Skills:
 + Level 7.4 Fighting
 + Level 6.8 Short Blades
 + Level 6.8 Long Blades
 + Level 7.4 Axes
 + Level 6.8 Maces & Flails
 + Level 6.8 Polearms
 + Level 6.8 Staves
 + Level 6.8 Slings
 + Level 6.8 Bows
 + Level 6.8 Crossbows
 + Level 9.3 Throwing
 + Level 9.5 Armour
 + Level 6.8 Dodging
 + Level 6.8 Stealth
 + Level 7.4 Shields
 + Level 6.8 Unarmed Combat
 + Level 7.4 Spellcasting
 + Level 5.6 Conjurations
 + Level 5.6 Hexes
 + Level 5.6 Charms
 + Level 5.6 Summonings
 + Level 5.6 Necromancy
 + Level 5.6 Translocations
 + Level 5.6 Transmutations
 + Level 6.1 Fire Magic
 + Level 5.6 Ice Magic
 + Level 5.6 Air Magic
 + Level 6.1 Earth Magic
 + Level 5.6 Poison Magic
 + Level 7.5 Invocations
 + Level 7.4 Evocations


You had 25 spell levels left.
You didn't know any spells.
Your spell library contained the following spells:

 Spells                   Type           Power        Failure   Level  Hunger
 Confusing Touch          Hex            ####..       30%         1    None
 Corona                   Hex            ####...      30%         1    None
 Ensorcelled Hibernation  Hex/Ice        ####..       41%         2    None
 Confuse                  Hex            ####....     65%         3    ##.....
 Dazzling Spray           Conj/Hex       ####..       65%         3    ##.....
 Gell's Gravitas          Tloc           ####......   65%         3    ##.....
 Tukima's Dance           Hex            ####....     65%         3    ##.....
 Petrify                  Tmut/Erth      ####....     95%         4    ####...
 Metabolic Englaciation   Hex/Ice        ####......   100%        5    #####..
 Yara's Violent Unravell  Hex/Tmut       ####......   100%        5    #####..


Dungeon Overview and Level Annotations

Branches:
Dungeon (9/15)             Temple (1/1) D:4            Lair (4/6) D:9
 Shoals (0/4) Lair:3        Snake (0/4) Lair:4
    Orc: D:9-12

Altars:
Ashenzari
Cheibriados
Dithmenos
Elyvilon
Fedhas
Gozag
Hepliaklqana
Kikubaaqudgha
Makhleb
Nemelex Xobeh
Okawaru
Qazlal
Ru
Sif Muna
Trog
Uskayaw
Vehumet
Wu Jian
Xom
Yredelemnul
Zin
The Shining One

Annotations:
D:3 1 runed translucent door
Lair:3 exclusion: oklob plant


Innate Abilities, Weirdness & Mutations

Your experience applies equally to all skills.
You have very sharp teeth.
Your uncanny sense of smell can sniff out nearby items.


Message History

Damage: 15 (max 15)
The freezing wraith hits you. The freezing wraith freezes you! You resist.
The freezing wraith hits you! The freezing wraith hits you.
The freezing wraith freezes you! You resist.
* * * LOW HITPOINT WARNING * * *
You block the freezing wraith's attack.
Damage: 36 (max 36)
The freezing wraith hits you but does no damage.
The freezing wraith hits you!
* * * LOW HITPOINT WARNING * * *
The freezing wraith hits you!
* * * LOW HITPOINT WARNING * * *
The freezing wraith freezes you. You resist.
* * * LOW HITPOINT WARNING * * *
You block the freezing wraith's attack.
Damage: 20 (max 36) Blink to where?
Press: ? - help, Dir - move target cursor You are very lightly contaminated with residual magic.
As you read the scroll of blinking, it crumbles to dust.
Really quaff
y - 2 potions of heal wounds {!q}? [Y]es or [N]o only, please.
Really quaff
y - 2 potions of heal wounds {!q}?
You feel much better.
Your shield is strengthened by the Shining One's divine power.
You feel slightly more hungry.
The freezing wraith completely misses you.
You block the freezing wraith's attack. You block the freezing wraith's attack.
The freezing wraith hits you but does no damage.
The freezing wraith hits you.
* * * LOW HITPOINT WARNING * * *
The freezing wraith freezes you. You resist.
* * * LOW HITPOINT WARNING * * *
The freezing wraith closely misses you.
Damage: 6 (max 6)
The freezing wraith hits you but does no damage.
You block the freezing wraith's attack. x3; The freezing wraith hits you!
* * * LOW HITPOINT WARNING * * *
The freezing wraith freezes you! You resist.
* * * LOW HITPOINT WARNING * * *
The freezing wraith hits you but does no damage.
Damage: 17 (max 17)
You hit the freezing wraith but do no damage.
You bite the freezing wraith.
The freezing wraith is almost destroyed.
You are feeling hungry.
The freezing wraith closely misses you. You block the freezing wraith's attack.
The freezing wraith hits you!
You die...

##.....####..####
#......# ####
##....## ###
#...## ##.##
##..## #...##
#..##
#....####..#
#..#..W#...#
#..##..@W.##
##.###...##
#W.###### ..
##..## .# #.ยง.##
..# ##W..## ..#
##...## #.#
##...##..#
##..#..#


You could see 2 freezing wraiths.

Vanquished Creatures
  A hydra (Lair:3)
  A death yak (D:8)
  A merfolk siren (Lair:3)
  A torpor snail (Lair:2)
  2 elephants (Lair:4)
  2 komodo dragons
  4 spiny frogs (Lair:2)
  2 freezing wraiths (IceCv)
  6 tyrant leeches (Lair:3)
  4 hippogriffs
  The ghost of Borgoz the Cutter, an amateur GrGl (D:3)
  7 yaks
  A basilisk (Lair:3)
  A steam dragon (Lair:4)
  3 swamp worms
  5 porcupines
  3 orc warriors
  6 ice beasts
  2 phantoms (D:6)
  A sky beast (D:8)
  A black bear (D:8)
  6 ogres
  2 centaurs
  2 crocodiles
  11 bullfrogs
  A gnoll sergeant (D:9)
  A water moccasin skeleton (D:3)
  A wyvern skeleton (D:8)
  5 killer bees
  2 howler monkeys (D:8)
  A swamp dragon simulacrum (IceCv)
  An electric eel (Lair:1)
  6 crimson imps
  A centaur skeleton (D:4)
  4 hounds
  2 jellies
  8 orc wizards
  2 orc priests
  2 bullfrog skeletons
  Jessica (D:9)
  4 iguanas
  6 worker ants
  2 polar bear simulacra (IceCv)
  A wolf simulacrum (IceCv)
  A hound skeleton (D:4)
  3 howler monkey zombies
  7 gnolls
  8 adders
  A shadow imp (D:8)
  5 white imps (IceCv)
  2 adder skeletons (D:4)
  2 adder zombies
  5 worms
  4 dart slugs
  4 leopard geckos
  20 orcs
  2 ball pythons
  8 bats
  3 giant cockroaches (D:3)
  6 goblins
  3 hobgoblins
  4 jackals (D:6)
  A quokka (D:7)
  3 frilled lizards
  4 kobolds
  A quokka zombie (D:7)
  5 rats
229 creatures vanquished.

Vanquished Creatures (collateral kills)
  An elephant (Lair:4)
  A goblin (D:2)
2 creatures vanquished.

Vanquished Creatures (others)
  Sonja (Lair:3)
  A rime drake (Lair:4)
  An orc (D:7)
  5 plants (Lair:3)
8 creatures vanquished.

Grand Total: 239 creatures vanquished

Notes
Turn   | Place    | Note
-------+----------+-------------------------------------------
     0 | D:1      | Gorice the Gnoll Wanderer began the quest for the Orb.
     0 | D:1      | Gorice set off with the following items: a +0 hand
                  | crossbow, a wand of enslavement (15), 29 bolts, a potion of
                  | curing, a +0 robe, a ration
     0 | D:1      | Reached XP level 1. HP: 17/17 MP: 4/4
   229 | D:1      | Reached skill level 2 in Fire Magic
   229 | D:1      | Reached skill level 2 in Earth Magic
   293 | D:1      | Reached XP level 2. HP: 14/23 MP: 5/5
  1065 | D:2      | Found an opulent altar of Gozag.
  1085 | D:2      | Reached XP level 3. HP: 27/28 MP: 7/7
  1502 | D:2      | Reached skill level 1 in Invocations
  1837 | D:3      | Noticed an ice beast
  1854 | D:2      | HP: 1/28 [ice beast (11)]
  2171 | D:3      | Found a runed translucent door.
  2186 | D:3      | Noticed Borgoz's ghost (amateur GrGl)
  2213 | D:3      | Found a runed translucent door.
  2229 | D:3      | Reached skill level 1 in Short Blades
  2229 | D:3      | Reached skill level 1 in Long Blades
  2229 | D:3      | Reached skill level 1 in Maces & Flails
  2229 | D:3      | Reached skill level 1 in Polearms
  2229 | D:3      | Reached skill level 1 in Staves
  2229 | D:3      | Reached skill level 1 in Slings
  2229 | D:3      | Reached skill level 1 in Bows
  2229 | D:3      | Reached skill level 1 in Crossbows
  2229 | D:3      | Reached skill level 1 in Throwing
  2229 | D:3      | Reached skill level 1 in Dodging
  2229 | D:3      | Reached skill level 1 in Stealth
  2229 | D:3      | Reached skill level 1 in Unarmed Combat
  2248 | D:3      | Killed Borgoz's ghost
  2248 | D:3      | Reached skill level 3 in Fighting
  2248 | D:3      | Reached skill level 3 in Axes
  2248 | D:3      | Reached skill level 3 in Shields
  2248 | D:3      | Reached skill level 3 in Spellcasting
  2248 | D:3      | Reached skill level 1 in Conjurations
  2248 | D:3      | Reached skill level 1 in Hexes
  2248 | D:3      | Reached skill level 1 in Charms
  2248 | D:3      | Reached skill level 1 in Summonings
  2248 | D:3      | Reached skill level 1 in Necromancy
  2248 | D:3      | Reached skill level 1 in Translocations
  2248 | D:3      | Reached skill level 1 in Transmutations
  2248 | D:3      | Reached skill level 1 in Ice Magic
  2248 | D:3      | Reached skill level 1 in Air Magic
  2248 | D:3      | Reached skill level 1 in Poison Magic
  2248 | D:3      | Reached skill level 3 in Evocations
  2248 | D:3      | Reached XP level 4. HP: 20/35 MP: 8/8
  2248 | D:3      | Reached XP level 5. HP: 23/41 MP: 9/9
  2248 | D:3      | Reached XP level 6. HP: 27/47 MP: 10/10
  2249 | D:3      | --Wow 3 xp levels lucky for the /oIceblast!
  2381 | D:3      | Reached skill level 2 in Invocations
  3242 | D:4      | Reached skill level 2 in Short Blades
  3242 | D:4      | Reached skill level 2 in Long Blades
  3242 | D:4      | Reached skill level 2 in Maces & Flails
  3242 | D:4      | Reached skill level 2 in Polearms
  3242 | D:4      | Reached skill level 2 in Staves
  3242 | D:4      | Reached skill level 2 in Slings
  3242 | D:4      | Reached skill level 2 in Bows
  3242 | D:4      | Reached skill level 2 in Crossbows
  3242 | D:4      | Reached skill level 2 in Throwing
  3242 | D:4      | Reached skill level 2 in Dodging
  3242 | D:4      | Reached skill level 2 in Stealth
  3242 | D:4      | Reached skill level 2 in Unarmed Combat
  3710 | D:4      | Found a staircase to the Ecumenical Temple.
  3714 | D:4      | Reached XP level 7. HP: 52/52 MP: 12/12
  3719 | Temple   | Entered the Ecumenical Temple
  3910 | Temple   | Became a worshipper of the Shining One
  4097 | D:5      | Entered Level 5 of the Dungeon
  4113 | D:4      | Reached skill level 7 in Armour
  4213 | D:5      | Reached skill level 2 in Conjurations
  4213 | D:5      | Reached skill level 2 in Hexes
  4213 | D:5      | Reached skill level 2 in Charms
  4213 | D:5      | Reached skill level 2 in Summonings
  4213 | D:5      | Reached skill level 2 in Necromancy
  4213 | D:5      | Reached skill level 2 in Translocations
  4213 | D:5      | Reached skill level 2 in Transmutations
  4213 | D:5      | Reached skill level 3 in Fire Magic
  4213 | D:5      | Reached skill level 2 in Ice Magic
  4213 | D:5      | Reached skill level 2 in Air Magic
  4213 | D:5      | Reached skill level 3 in Earth Magic
  4213 | D:5      | Reached skill level 2 in Poison Magic
  4341 | D:5      | Found a sparkling altar of Nemelex Xobeh.
  4350 | D:5      | Reached skill level 3 in Invocations
  4427 | D:5      | Reached skill level 4 in Spellcasting
  5050 | D:6      | Reached XP level 8. HP: 59/60 MP: 14/14
  5054 | D:6      | Reached skill level 3 in Throwing
  5123 | D:6      | Reached skill level 4 in Fighting
  5123 | D:6      | Reached skill level 3 in Short Blades
  5123 | D:6      | Reached skill level 3 in Long Blades
  5123 | D:6      | Reached skill level 4 in Axes
  5123 | D:6      | Reached skill level 3 in Maces & Flails
  5123 | D:6      | Reached skill level 3 in Polearms
  5123 | D:6      | Reached skill level 3 in Staves
  5123 | D:6      | Reached skill level 3 in Slings
  5123 | D:6      | Reached skill level 3 in Bows
  5123 | D:6      | Reached skill level 3 in Crossbows
  5123 | D:6      | Reached skill level 3 in Dodging
  5123 | D:6      | Reached skill level 3 in Stealth
  5123 | D:6      | Reached skill level 4 in Shields
  5123 | D:6      | Reached skill level 3 in Unarmed Combat
  5123 | D:6      | Reached skill level 4 in Evocations
  5289 | D:6      | Found a white marble altar of Elyvilon.
  5516 | D:6      | Reached * piety under the Shining One
  6096 | D:6      | Reached skill level 4 in Throwing
  6342 | D:6      | Found a snail-covered altar of Cheibriados.
  6473 | D:6      | Reached skill level 3 in Conjurations
  6473 | D:6      | Reached skill level 3 in Hexes
  6473 | D:6      | Reached skill level 3 in Charms
  6473 | D:6      | Reached skill level 3 in Summonings
  6473 | D:6      | Reached skill level 3 in Necromancy
  6473 | D:6      | Reached skill level 3 in Translocations
  6473 | D:6      | Reached skill level 3 in Transmutations
  6473 | D:6      | Reached skill level 3 in Ice Magic
  6473 | D:6      | Reached skill level 3 in Air Magic
  6473 | D:6      | Reached skill level 3 in Poison Magic
  6473 | D:6      | Reached skill level 4 in Invocations
  6600 | D:7      | Got an encrusted whip
  6601 | D:7      | Identified the +4 whip of the Shining Light {flame, +Inv
                  | rC+} (You found it on level 7 of the Dungeon)
  6789 | D:7      | Reached XP level 9. HP: 66/66 MP: 16/16
  7231 | D:7      | Reached skill level 4 in Short Blades
  7231 | D:7      | Reached skill level 4 in Long Blades
  7231 | D:7      | Reached skill level 4 in Maces & Flails
  7231 | D:7      | Reached skill level 4 in Polearms
  7231 | D:7      | Reached skill level 4 in Staves
  7231 | D:7      | Reached skill level 4 in Slings
  7231 | D:7      | Reached skill level 4 in Bows
  7231 | D:7      | Reached skill level 4 in Crossbows
  7231 | D:7      | Reached skill level 4 in Dodging
  7231 | D:7      | Reached skill level 4 in Stealth
  7231 | D:7      | Reached skill level 4 in Unarmed Combat
  7231 | D:7      | Reached skill level 4 in Fire Magic
  7231 | D:7      | Reached skill level 4 in Earth Magic
  7363 | D:7      | Reached skill level 5 in Throwing
  7363 | D:7      | Reached skill level 5 in Spellcasting
  7711 | D:8      | Reached ** piety under the Shining One
  7751 | D:8      | Reached skill level 5 in Fighting
  7751 | D:8      | Reached skill level 5 in Axes
  7751 | D:8      | Reached skill level 5 in Shields
  7751 | D:8      | Reached skill level 5 in Evocations
  7866 | D:8      | Reached skill level 8 in Armour
  7927 | D:8      | Identified the cursed +3 mace of the Manifold Beggars
                  | {venom, *Corrode rF+ Str+6}
  8115 | D:8      | Found a radiant altar of Vehumet.
  8115 | D:8      | Found a hide-covered altar of Uskayaw.
  8116 | D:8      | Found a bloodstained altar of Trog.
  8180 | D:8      | Reached skill level 5 in Invocations
  8496 | D:8      | Reached skill level 6 in Throwing
  8742 | D:8      | Reached XP level 10. HP: 47/74 MP: 18/18
  9018 | D:9      | Reached skill level 4 in Conjurations
  9018 | D:9      | Reached skill level 4 in Hexes
  9018 | D:9      | Reached skill level 4 in Charms
  9018 | D:9      | Reached skill level 4 in Summonings
  9018 | D:9      | Reached skill level 4 in Necromancy
  9018 | D:9      | Reached skill level 4 in Translocations
  9018 | D:9      | Reached skill level 4 in Transmutations
  9018 | D:9      | Reached skill level 4 in Ice Magic
  9018 | D:9      | Reached skill level 4 in Air Magic
  9018 | D:9      | Reached skill level 4 in Poison Magic
  9041 | D:9      | Noticed a death yak
  9041 | D:9      | Noticed a death yak
  9224 | D:9      | Found a staircase to the Lair.
  9548 | D:9      | Found a sacrificial altar of Ru.
  9628 | D:9      | Reached skill level 5 in Short Blades
  9628 | D:9      | Reached skill level 5 in Long Blades
  9628 | D:9      | Reached skill level 5 in Maces & Flails
  9628 | D:9      | Reached skill level 5 in Polearms
  9628 | D:9      | Reached skill level 5 in Staves
  9628 | D:9      | Reached skill level 5 in Slings
  9628 | D:9      | Reached skill level 5 in Bows
  9628 | D:9      | Reached skill level 5 in Crossbows
  9628 | D:9      | Reached skill level 5 in Dodging
  9628 | D:9      | Reached skill level 5 in Stealth
  9628 | D:9      | Reached skill level 5 in Unarmed Combat
  9929 | D:9      | Noticed a death yak
  9939 | D:8      | HP: 17/76 [death yak (15)]
 10489 | D:8      | HP: 22/76 [death yak (21)]
 10502 | D:8      | HP: 10/76 [death yak (15)]
 10506 | D:8      | Killed a death yak
 10506 | D:8      | Reached skill level 6 in Spellcasting
 10973 | D:9      | Noticed Jessica
 10977 | D:9      | Killed Jessica
 10987 | D:9      | Found a deep blue altar of Sif Muna.
 11159 | Lair:1   | Entered Level 1 of the Lair of Beasts
 11255 | Lair:1   | Reached skill level 7 in Throwing
 11395 | Lair:1   | Reached skill level 6 in Fighting
 11395 | Lair:1   | Reached skill level 6 in Axes
 11395 | Lair:1   | Reached skill level 6 in Shields
 11395 | Lair:1   | Reached skill level 6 in Evocations
 11493 | Lair:1   | Reached skill level 5 in Fire Magic
 11493 | Lair:1   | Reached skill level 5 in Earth Magic
 11506 | Lair:1   | Reached skill level 6 in Invocations
 12269 | Lair:2   | Noticed a spiny frog
 12296 | Lair:2   | Killed a spiny frog
 12296 | Lair:2   | Reached XP level 11. HP: 31/82 MP: 20/20
 12307 | Lair:2   | HP: 24/83 [yak (2)]
 12314 | Lair:2   | HP: 17/83 [yak (6)]
 12717 | Lair:2   | Reached skill level 8 in Throwing
 13169 | Lair:2   | Reached skill level 6 in Short Blades
 13169 | Lair:2   | Reached skill level 6 in Long Blades
 13169 | Lair:2   | Reached skill level 6 in Maces & Flails
 13169 | Lair:2   | Reached skill level 6 in Polearms
 13169 | Lair:2   | Reached skill level 6 in Staves
 13169 | Lair:2   | Reached skill level 6 in Slings
 13169 | Lair:2   | Reached skill level 6 in Bows
 13169 | Lair:2   | Reached skill level 6 in Crossbows
 13169 | Lair:2   | Reached skill level 9 in Armour
 13169 | Lair:2   | Reached skill level 6 in Dodging
 13169 | Lair:2   | Reached skill level 6 in Stealth
 13169 | Lair:2   | Reached skill level 6 in Unarmed Combat
 13175 | Lair:2   | Reached skill level 5 in Conjurations
 13175 | Lair:2   | Reached skill level 5 in Hexes
 13175 | Lair:2   | Reached skill level 5 in Charms
 13175 | Lair:2   | Reached skill level 5 in Summonings
 13175 | Lair:2   | Reached skill level 5 in Necromancy
 13175 | Lair:2   | Reached skill level 5 in Translocations
 13175 | Lair:2   | Reached skill level 5 in Transmutations
 13175 | Lair:2   | Reached skill level 5 in Ice Magic
 13175 | Lair:2   | Reached skill level 5 in Air Magic
 13175 | Lair:2   | Reached skill level 5 in Poison Magic
 13654 | Lair:3   | Found a staircase to the Shoals.
 13709 | Lair:3   | Noticed an oklob plant
 14088 | Lair:3   | HP: 15/83 [komodo dragon (18)]
 14126 | Lair:3   | HP: 20/83 [swamp worm/harpoon shot (4)]
 14830 | Lair:3   | Reached skill level 7 in Spellcasting
 14843 | Lair:3   | Reached skill level 7 in Invocations
 14867 | Lair:3   | Noticed Sonja
 14887 | Lair:3   | Noticed a six-headed hydra
 14913 | Lair:3   | Your ally died
 14913 | Lair:3   | Reached skill level 7 in Fighting
 14913 | Lair:3   | Reached skill level 7 in Axes
 14913 | Lair:3   | Reached skill level 7 in Shields
 14913 | Lair:3   | Reached skill level 7 in Evocations
 14922 | Lair:3   | Killed a six-headed hydra
 15161 | Lair:3   | HP: 25/84 [tyrant leech (21)]
 15613 | Lair:4   | Found a frozen archway.
 15639 | Lair:4   | Reached skill level 9 in Throwing
 15653 | Lair:4   | Reached skill level 6 in Fire Magic
 15653 | Lair:4   | Reached skill level 6 in Earth Magic
 15666 | Lair:4   | HP: 20/84 [rime drake/flash freeze (12)]
 15666 | Lair:4   | HP: 7/84 [elephant (13)]
 15674 | Lair:4   | Reached XP level 12. HP: 26/91 MP: 21/23
 15688 | IceCv    | Entered an ice cave
 15929 | IceCv    | Reached *** piety under the Shining One
 16140 | IceCv    | HP: 21/91 [freezing wraith (11)]
 16142 | IceCv    | HP: 7/91 [freezing wraith (8)]
 16142 | IceCv    | HP: 1/91 [freezing wraith (6)]
 16149 | IceCv    | HP: 27/91 [freezing wraith (2)]
 16152 | IceCv    | HP: 7/91 [freezing wraith (10)]
 16153 | IceCv    | Slain by a freezing wraith

Levels and vault maps discovered:
D:1:      lemuel_arrival_funnel, layout_loops_ring, minmay_misc_feat_iff
D:2:      layout_basic, nicolae_overflow_hidden_temple
D:3:      cheibrodos_helix_gallery, layout_loops_ring, ebering_ghost_sewer_f,
          first_ration
D:4:      layout_basic, minmay_temple_entry_fiery, minmay_misc_feat_plants
D:5:      layout_basic, nemelex_xobeh_ov_fountains_minmay,
          minmay_misc_feat_secret_circle, minmay_manual_mail
D:6:      layout_loops_ring, lemuel_coloured_pillars_altar, elyvilon_altar_3
D:7:      layout_loops_ring, grunt_ogre_cave
D:8:      layout_basic, chequers_temple_overflow_statue_of_worship
D:9:      layout_layer_cave, lemuel_doored_altar, dpeg_lair_monsters, tgw_sif
Temple:   eino_narrow_crystal_temple
Lair:1:   statuecave_lemuel, layout_hall_layers
Lair:2:   layout_layer_cave, minmay_holes, grunt_megastairs_5
Lair:3:   layout_chaotic_city, minmay_shoals_entry_lonely_mermaid, minivault_23,
          minmay_lair_oklob_bushes, worms_lemuel, uniq_sonja
Lair:4:   layout_roguey, minmay_snake_entry_six_corridors,
          portal_ice_cave_entry_pillars_1, chequers_serial_rivers_large_a,
          grunt_megastairs_2, uniq_josephine
IceCv:    ice_cave_small_necro

Skill      XL: |  1  2  3  4  5  6  7  8  9 10 11 |
---------------+----------------------------------+-----
Fire Magic     | 2 3 4 5 6 |  6.1
Earth Magic    | 2 3 4 5 6 |  6.1
Invocations    | 1 2 3 4 5 6 7 |  7.5
Short Blades   | 1 2 3 4 5 6 |  6.8
Long Blades    | 1 2 3 4 5 6 |  6.8
Maces & Flails | 1 2 3 4 5 6 |  6.8
Polearms       | 1 2 3 4 5 6 |  6.8
Staves         | 1 2 3 4 5 6 |  6.8
Slings         | 1 2 3 4 5 6 |  6.8
Bows           | 1 2 3 4 5 6 |  6.8
Crossbows      | 1 2 3 4 5 6 |  6.8
Throwing       | 1 2 4 6 7 9 |  9.3
Dodging        | 1 2 3 4 5 6 |  6.8
Stealth        | 1 2 3 4 5 6 |  6.8
Unarmed Combat | 1 2 3 4 5 6 |  6.8
Fighting       | 3 4 5 6 7 |  7.4
Axes           | 3 4 5 6 7 |  7.4
Shields        | 3 4 5 6 7 |  7.4
Spellcasting   | 3 4 5 6 7 |  7.4
Conjurations   | 1 2 3 4 5 |  5.6
Hexes          | 1 2 3 4 5 |  5.6
Charms         | 1 2 3 4 5 |  5.6
Summonings     | 1 2 3 4 5 |  5.6
Necromancy     | 1 2 3 4 5 |  5.6
Translocations | 1 2 3 4 5 |  5.6
Transmutations | 1 2 3 4 5 |  5.6
Ice Magic      | 1 2 3 4 5 |  5.6
Air Magic      | 1 2 3 4 5 |  5.6
Poison Magic   | 1 2 3 4 5 |  5.6
Evocations     | 3 4 5 6 7 |  7.4
Armour         | 7 8 9 |  9.5

Action                   |  1- 3 |  4- 6 |  7- 9 | 10-12 || total
-------------------------+-------+-------+-------+-------++-------
Melee: Hand axe          |    77 |    41 |   214 |     7 ||   339
       Bite              |     9 |     3 |    46 |    42 ||   100
       Whip              |       |       |   155 |   277 ||   432
       Unarmed           |       |       |       |     4 ||     4
 Fire: Hand crossbow     |    45 |    25 |   108 |   149 ||   327
Throw: Javelin           |       |       |       |    10 ||    10
Invok: Divine Shield     |       |       |       |     6 ||     6
Evoke: Wand              |     3 |     1 |     5 |    22 ||    31
  Use: Scroll            |     7 |     4 |    11 |     5 ||    27
       Potion            |     1 |       |       |     3 ||     4
  Eat: Chunk             |     3 |     5 |    17 |    16 ||    41
       Ration            |       |       |       |     2 ||     2
Armor: Robe              |     5 |       |       |       ||     5
       Chain mail        |    36 |    26 |   123 |       ||   185
       Plate armour      |       |       |    59 |   111 ||   170
Dodge: Dodged            |    49 |    19 |   125 |    96 ||   289
Block: Buckler           |       |     1 |   107 |    64 ||   172
       Other             |       |       |       |     1 ||     1

Table legend:
 A = Non-vault XP
 B = Vault XP
 C = Vault XP percentage of total XP
 D = Non-vault monster count
 E = Vault monster count
 F = Vault count percentage of total count
                 A         B        C        D         E       F
            +---------+---------+-------+---------+---------+-------
      Total |   13425 |    6524 |  32.7 |     190 |      42 |  18.1
            +---------+---------+-------+---------+---------+-------
        D:1 |      25 |       0 |   0.0 |      15 |       0 |   0.0
        D:2 |      39 |       0 |   0.0 |      13 |       0 |   0.0
        D:3 |      89 |     256 |  74.2 |      10 |       7 |  41.2
        D:4 |     395 |       0 |   0.0 |      11 |       0 |   0.0
        D:5 |     335 |      41 |  10.9 |      10 |       3 |  23.1
        D:6 |    1117 |       0 |   0.0 |      33 |       0 |   0.0
        D:7 |     819 |     118 |  12.6 |      21 |       1 |   4.5
        D:8 |    1559 |    1017 |  39.5 |      24 |       2 |   7.7
        D:9 |    1014 |      37 |   3.5 |      20 |       1 |   4.8
     Lair:1 |    1143 |       0 |   0.0 |       7 |       0 |   0.0
     Lair:2 |    3686 |     608 |  14.2 |      16 |       2 |  11.1
     Lair:3 |    1613 |    2900 |  64.3 |       6 |      10 |  62.5
     Lair:4 |    1591 |       0 |   0.0 |       4 |       0 |   0.0
      IceCv |       0 |    1547 | 100.0 |       0 |      16 | 100.0
            +---------+---------+-------+---------+---------+-------

Table legend:
 A = Turns spent in this place as a percentage of turns spent in the entire game.
 B = Non-inter-level travel turns spent in this place as a percentage of non-inter-level travel turns spent in the entire game.
 C = Inter-level travel turns spent in this place as a percentage of turns spent in this place.
 D = Turns resting spent in this place as a percentage of non-inter-level travel turns spent in this place.
 E = Turns spent auto-exploring this place as a percentage of non-inter-level travel turns spent in this place.
 F = Non-inter-level travel turns spent in this place divided by the number of levels of this place that you've seen.
                   A       B       C       D       E      F
               +-------+-------+-------+-------+-------+----------------------
         Total | 100.0 | 100.0 |   5.1 |  25.4 |  43.9 | 1021.9
       Dungeon |  67.8 |  68.2 |   4.6 |  24.7 |  43.0 | 1161.2
        Temple |   1.3 |   1.1 |  17.4 |   0.0 |  97.7 | 171.0
          Lair |  28.0 |  27.7 |   6.3 |  24.6 |  48.4 | 1060.5
      Ice Cave |   2.9 |   3.0 |   0.0 |  57.2 |   3.2 | 465.0
               +-------+-------+-------+-------+-------+----------------------

Levels and vault maps discovered:
D:1:      lemuel_arrival_funnel, layout_loops_ring, minmay_misc_feat_iff
D:2:      layout_basic, nicolae_overflow_hidden_temple
D:3:      cheibrodos_helix_gallery, layout_loops_ring, ebering_ghost_sewer_f,
          first_ration
D:4:      layout_basic, minmay_temple_entry_fiery, minmay_misc_feat_plants
D:5:      layout_basic, nemelex_xobeh_ov_fountains_minmay,
          minmay_misc_feat_secret_circle, minmay_manual_mail
D:6:      layout_loops_ring, lemuel_coloured_pillars_altar, elyvilon_altar_3
D:7:      layout_loops_ring, grunt_ogre_cave
D:8:      layout_basic, chequers_temple_overflow_statue_of_worship
D:9:      layout_layer_cave, lemuel_doored_altar, dpeg_lair_monsters, tgw_sif
Temple:   eino_narrow_crystal_temple
Lair:1:   statuecave_lemuel, layout_hall_layers
Lair:2:   layout_layer_cave, minmay_holes, grunt_megastairs_5
Lair:3:   layout_chaotic_city, minmay_shoals_entry_lonely_mermaid, minivault_23,
          minmay_lair_oklob_bushes, worms_lemuel, uniq_sonja
Lair:4:   layout_roguey, minmay_snake_entry_six_corridors,
          portal_ice_cave_entry_pillars_1, chequers_serial_rivers_large_a,
          grunt_megastairs_2, uniq_josephine
IceCv:    ice_cave_small_necro
